TOP OF THE 1ST |
Mobile Bears batting - Pitching for Jacksonville Suns : RHP Tim Crews
|
Pitching: RHP Tim Crews
|
|
Batting: LHB Jeffrey Szczecinski
|
0-0: Ball 1-0: Ball 2-0: SINGLE (Groundball, 6MD, EV 108.8 MPH) (infield hit)
|
Batting: RHB Bob Hendershot
|
0-0: Ball 1-0: Ball 2-0: Foul Ball, location: 2F 2-1: Ball 3-1: Called Strike 3-2: Fly out, F9 (Flyball, 89D, EV 96.3 MPH)
|
Batting: LHB Franklin Stubbs
|
0-0: Ball 1-0: Ball 2-0: Called Strike 2-1: Called Strike 2-2: Fly out, F8 (Flyball, 78D, EV 100.0 MPH)
|
Batting: SHB Dave Cochrane
|
0-0: Ball 1-0: Ground out 1-3 (Groundball, 34S, EV 66.9 MPH)
|
Top of the 1st over - 0 runs, 1 hit, 0 errors, 1 left on base; Mobile 0 - Jacksonville 0 |
BOTTOM OF THE 1ST |
Jacksonville Suns batting - Pitching for Mobile Bears : RHP Ruben Nevarez
|
Pitching: RHP Ruben Nevarez
|
|
Batting: RHB Lyle Brackenridge
|
0-0: Called Strike 0-1: Swinging Strike 0-2: Strikes out swinging
|
Batting: SHB Joe Morales
|
0-0: Ball 1-0: Ball 2-0: Foul Ball, location: 2F 2-1: Swinging Strike 2-2: Ball 3-2: Foul Ball, location: 2F 3-2: Fly out, F8 (Flyball, 8LD, EV 85.0 MPH)
|
Batting: LHB Andy Carlton
|
0-0: Ball 1-0: Called Strike 1-1: Fly out, F7 (Flyball, 7, EV 84.4 MPH)
|
Bottom of the 1st over - 0 runs, 0 hits, 0 errors, 0 left on base; Mobile 0 - Jacksonville 0 |
TOP OF THE 2ND |
Mobile Bears batting - Pitching for Jacksonville Suns : RHP Tim Crews
|
Batting: SHB Paul Hundhammer
|
0-0: Called Strike 0-1: Foul Ball, location: 2F 0-2: Foul Ball, location: 2F 0-2: Ball 1-2: Strikes out swinging
|
Batting: LHB Ken Smith
|
0-0: Called Strike 0-1: Ball 1-1: Ball 2-1: Swinging Strike 2-2: Strikes out swinging
|
Batting: RHB Rick Stromer
|
0-0: Ball 1-0: Called Strike 1-1: Foul Ball, location: 2F 1-2: TRIPLE (Line Drive, 8LXD, EV 106.9 MPH)
|
Batting: RHB Jim Opie
|
0-0: Ball 1-0: Called Strike 1-1: Called Strike 1-2: Foul Ball, location: 2F 1-2: Ball 2-2: Foul Ball, location: 2F 2-2: Strikes out swinging
|
Top of the 2nd over - 0 runs, 1 hit, 0 errors, 1 left on base; Mobile 0 - Jacksonville 0 |
BOTTOM OF THE 2ND |
Jacksonville Suns batting - Pitching for Mobile Bears : RHP Ruben Nevarez
|
Batting: RHB Edward Packard
|
0-0: Called Strike 0-1: TRIPLE (Line Drive, 8LXD, EV 106.3 MPH)
|
Batting: LHB Pete M O'Brien
|
0-0: Ball 1-0: Fly out, F7 (Flyball, 78XD, EV 81.9 MPH) Runner from 3rd tags up, SCORES, no throw by LF
|
Batting: LHB Dave Baker
|
0-0: Called Strike 0-1: Ball 1-1: Swinging Strike 1-2: Ball 2-2: Ball 3-2: Foul Ball, location: 2F 3-2: Base on Balls
|
Batting: LHB Michael Kelly
|
0-0: Ball 1-0: Foul Ball, location: 2F 1-1: Grounds into double play, 6-4-3 (Groundball, 6, EV 103.1 MPH)
|
Bottom of the 2nd over - 1 run, 1 hit, 0 errors, 0 left on base; Mobile 0 - Jacksonville 1 |
TOP OF THE 3RD |
Mobile Bears batting - Pitching for Jacksonville Suns : RHP Tim Crews
|
Batting: RHB Alfred Welch
|
0-0: Ball 1-0: Foul Ball, location: 2F 1-1: Ball 2-1: Ball 3-1: Swinging Strike 3-2: Foul Ball, location: 2F 3-2: Foul Ball, location: 2F 3-2: Foul Ball, location: 2F 3-2: SINGLE (Line Drive, 34, EV 94.4 MPH)
|
Batting: LHB Jeffrey Szczecinski
|
0-0: Called Strike 0-1: Ball 1-1: Fly out, F7 (Flyball, 7, EV 83.1 MPH)
|
Batting: RHB Bob Hendershot
|
0-0: Ball 1-0: Ball 2-0: Called Strike 2-1: Foul Ball, location: 2F 2-2: Foul Ball, location: 2F 2-2: Foul Ball, location: 2F 2-2: Strikes out swinging
|
Batting: LHB Franklin Stubbs
|
0-0: Ball Alfred Welch steals 2nd base 1-0: Ground out 3-1 (Groundball, 34S, EV 78.1 MPH)
|
Top of the 3rd over - 0 runs, 1 hit, 0 errors, 1 left on base; Mobile 0 - Jacksonville 1 |
BOTTOM OF THE 3RD |
Jacksonville Suns batting - Pitching for Mobile Bears : RHP Ruben Nevarez
|
Batting: RHB Mark Nocciolo
|
0-0: Called Strike 0-1: Swinging Strike 0-2: Ball 1-2: Ball 2-2: Foul Ball, location: 2F 2-2: Strikes out swinging
|
Batting: RHB Henry Powell
|
0-0: Ball 1-0: Ground out U3 (Groundball, 34S, EV 83.1 MPH)
|
Batting: RHB Lyle Brackenridge
|
0-0: Called Strike 0-1: Ball 1-1: Ball 2-1: Foul Ball, location: 2F 2-2: Strikes out swinging
|
Bottom of the 3rd over - 0 runs, 0 hits, 0 errors, 0 left on base; Mobile 0 - Jacksonville 1 |
TOP OF THE 4TH |
Mobile Bears batting - Pitching for Jacksonville Suns : RHP Tim Crews
|
Batting: SHB Dave Cochrane
|
0-0: Called Strike 0-1: Ball 1-1: Ball 2-1: Foul Ball, location: 2F 2-2: Strikes out looking
|
Batting: SHB Paul Hundhammer
|
0-0: Called Strike 0-1: Ball 1-1: Called Strike 1-2: Ball 2-2: Ball 3-2: Fly out, F8 (Flyball, 78D, EV 102.5 MPH)
|
Batting: LHB Ken Smith
|
0-0: Ball 1-0: Ground out 4-3 (Groundball, 4, EV 109.4 MPH)
|
Top of the 4th over - 0 runs, 0 hits, 0 errors, 0 left on base; Mobile 0 - Jacksonville 1 |
BOTTOM OF THE 4TH |
Jacksonville Suns batting - Pitching for Mobile Bears : RHP Ruben Nevarez
|
Batting: SHB Joe Morales
|
0-0: Swinging Strike 0-1: Ball 1-1: Ball 2-1: Ball 3-1: SINGLE (Groundball, 4MD, EV 106.9 MPH)
|
Batting: LHB Andy Carlton
|
0-0: Fielders Choice at 2nd, 3-6 (Groundball, 3, EV 109.4 MPH)
|
Batting: RHB Edward Packard
|
0-0: Ball 1-0: Ball 2-0: Called Strike 2-1: Called Strike 2-2: Grounds into double play, 6-4-3 (Groundball, 6, EV 101.9 MPH)
|
Bottom of the 4th over - 0 runs, 1 hit, 0 errors, 0 left on base; Mobile 0 - Jacksonville 1 |
TOP OF THE 5TH |
Mobile Bears batting - Pitching for Jacksonville Suns : RHP Tim Crews
|
Batting: RHB Rick Stromer
|
0-0: Ball 1-0: Called Strike 1-1: Called Strike 1-2: Fly out, F2 (Popup, 23F, EV 85.0 MPH)
|
Batting: RHB Jim Opie
|
0-0: Ground out 5-3 (Groundball, 5L, EV 91.3 MPH)
|
Batting: RHB Alfred Welch
|
0-0: Called Strike 0-1: Foul Ball, location: 2F 0-2: Strikes out swinging
|
Top of the 5th over - 0 runs, 0 hits, 0 errors, 0 left on base; Mobile 0 - Jacksonville 1 |
BOTTOM OF THE 5TH |
Jacksonville Suns batting - Pitching for Mobile Bears : RHP Ruben Nevarez
|
Batting: LHB Pete M O'Brien
|
0-0: Called Strike 0-1: Ball 1-1: Foul Ball, location: 2F 1-2: Ball 2-2: Fly out, F8 (Line Drive, 8LD, EV 94.4 MPH)
|
Batting: LHB Dave Baker
|
0-0: Foul Ball, location: 2F 0-1: Ground out 1-3 (Groundball, 13S, EV 73.1 MPH)
|
Batting: LHB Michael Kelly
|
0-0: Called Strike 0-1: Ball 1-1: SINGLE (Line Drive, 9S, EV 108.1 MPH)
|
Batting: RHB Mark Nocciolo
|
0-0: Called Strike 0-1: Fielders Choice at 2nd, 6-4 (Groundball, 6, EV 93.8 MPH)
|
Bottom of the 5th over - 0 runs, 1 hit, 0 errors, 1 left on base; Mobile 0 - Jacksonville 1 |
TOP OF THE 6TH |
Mobile Bears batting - Pitching for Jacksonville Suns : RHP Tim Crews
|
Batting: LHB Jeffrey Szczecinski
|
0-0: Ball 1-0: Called Strike 1-1: Ball 2-1: Fly out, F8 (Flyball, 8LD, EV 88.8 MPH)
|
Batting: RHB Bob Hendershot
|
0-0: Ground out 1-3 (Groundball, 13S, EV 69.4 MPH)
|
Batting: LHB Franklin Stubbs
|
0-0: Called Strike 0-1: Called Strike 0-2: Ball 1-2: Ball 2-2: Foul Ball, location: 2F 2-2: Foul Ball, location: 2F 2-2: Strikes out looking
|
Top of the 6th over - 0 runs, 0 hits, 0 errors, 0 left on base; Mobile 0 - Jacksonville 1 |
BOTTOM OF THE 6TH |
Jacksonville Suns batting - Pitching for Mobile Bears : RHP Ruben Nevarez
|
Batting: RHB Henry Powell
|
0-0: Foul Ball, location: 2F 0-1: Foul Ball, location: 2F 0-2: Ball 1-2: SOLO HOME RUN (Flyball, 78XD, EV 98.1 MPH), Distance : 445 ft
|
Batting: RHB Lyle Brackenridge
|
0-0: Called Strike 0-1: Ball 1-1: Foul Ball, location: 2F 1-2: Ball 2-2: Strikes out looking
|
Batting: SHB Joe Morales
|
0-0: Foul Ball, location: 2F 0-1: Ball 1-1: Ball 2-1: Called Strike 2-2: Ball 3-2: Base on Balls
|
Batting: LHB Andy Carlton
|
0-0: Ball 1-0: Swinging Strike 1-1: Fly out, F8 (Flyball, 8RD, EV 75.0 MPH)
|
Batting: RHB Edward Packard
|
0-0: Ball 1-0: Ball 2-0: Ground out 2-3 (Groundball, 2R, EV 66.9 MPH)
|
Bottom of the 6th over - 1 run, 1 hit, 0 errors, 1 left on base; Mobile 0 - Jacksonville 2 |
TOP OF THE 7TH |
Mobile Bears batting - Pitching for Jacksonville Suns : RHP Tim Crews
|
Batting: SHB Dave Cochrane
|
0-0: Fly out, F9 (Flyball, 89M, EV 81.3 MPH)
|
Batting: SHB Paul Hundhammer
|
0-0: Called Strike 0-1: Ball 1-1: Ball 2-1: Called Strike 2-2: Foul Ball, location: 2F 2-2: Foul Ball, location: 2F 2-2: Ball 3-2: Base on Balls
|
Batting: LHB Ken Smith
|
0-0: Called Strike 0-1: Swinging Strike 0-2: SINGLE (Groundball, 5, EV 107.5 MPH) Paul Hundhammer to second
|
Batting: LHB Douglas Latrenta
|
0-0: Called Strike 0-1: Foul Ball, location: 2F 0-2: Fly out, F5 (Popup, 5S, EV 80.6 MPH)
|
Batting: RHB Jim Opie
|
0-0: Ball 1-0: Called Strike 1-1: Foul Ball, location: 2F 1-2: Strikes out swinging
|
Top of the 7th over - 0 runs, 1 hit, 0 errors, 2 left on base; Mobile 0 - Jacksonville 2 |
BOTTOM OF THE 7TH |
Jacksonville Suns batting - Pitching for Mobile Bears : RHP Ruben Nevarez
|
Batting: LHB Pete M O'Brien
|
0-0: Ball 1-0: Swinging Strike 1-1: Fly out, F7 (Flyball, 7LM, EV 86.3 MPH)
|
Batting: LHB Dave Baker
|
0-0: Ball 1-0: Called Strike 1-1: Ball 2-1: Called Strike 2-2: Ball 3-2: Strikes out swinging
|
Batting: LHB Michael Kelly
|
0-0: Ground out 1-3 (Groundball, 13S, EV 73.1 MPH)
|
Bottom of the 7th over - 0 runs, 0 hits, 0 errors, 0 left on base; Mobile 0 - Jacksonville 2 |
TOP OF THE 8TH |
Mobile Bears batting - Pitching for Jacksonville Suns : RHP Tim Crews
|
Batting: RHB Alfred Welch
|
0-0: Called Strike 0-1: Ball 1-1: Fly out, F7 (Flyball, 78S, EV 88.1 MPH)
|
Batting: LHB Jeffrey Szczecinski
|
0-0: Ball 1-0: Called Strike 1-1: Called Strike 1-2: Ball 2-2: Fly out, F9 (Flyball, 89D, EV 104.4 MPH)
|
Batting: RHB Bob Hendershot
|
0-0: Ball 1-0: Swinging Strike 1-1: Ball 2-1: Swinging Strike 2-2: Ball 3-2: Foul Ball, location: 2F 3-2: Strikes out swinging
|
Top of the 8th over - 0 runs, 0 hits, 0 errors, 0 left on base; Mobile 0 - Jacksonville 2 |
BOTTOM OF THE 8TH |
Jacksonville Suns batting - Pitching for Mobile Bears : RHP Ruben Nevarez
|
Batting: RHB Mark Nocciolo
|
0-0: Ball 1-0: Called Strike 1-1: Ball 2-1: Foul Ball, location: 2F 2-2: Ball 3-2: Strikes out swinging
|
Batting: RHB Henry Powell
|
0-0: SOLO HOME RUN (Flyball, 7D, EV 108.1 MPH), Distance : 360 ft
|
Batting: RHB Lyle Brackenridge
|
0-0: Called Strike 0-1: Foul Ball, location: 2F 0-2: Ball 1-2: Fly out, F8 (Flyball, 78M, EV 92.5 MPH)
|
Batting: SHB Joe Morales
|
0-0: Ball 1-0: Ball 2-0: Ball 3-0: Called Strike 3-1: Called Strike 3-2: Fly out, F4 (Popup, 23, EV 81.3 MPH)
|
Bottom of the 8th over - 1 run, 1 hit, 0 errors, 0 left on base; Mobile 0 - Jacksonville 3 |
TOP OF THE 9TH |
Mobile Bears batting - Pitching for Jacksonville Suns : RHP Tim Crews
|
Batting: LHB Franklin Stubbs
|
0-0: Called Strike 0-1: Ball 1-1: Swinging Strike 1-2: Ball 2-2: Strikes out swinging
|
Batting: SHB Dave Cochrane
|
0-0: Ball 1-0: Ball 2-0: Ball 3-0: Ground out 4-3 (Groundball, 4S, EV 89.4 MPH)
|
Batting: SHB Paul Hundhammer
|
0-0: Called Strike 0-1: Fly out, F7 (Line Drive, 7D, EV 94.4 MPH)
|
Top of the 9th over - 0 runs, 0 hits, 0 errors, 0 left on base; Mobile 0 - Jacksonville 3 |
|